 Dungeon Crawl Stone Soup version 0.23-a0-242-g2b5ca64 (webtiles) character file.

58599 Ijustatesigmund the Cleaver (level 14, -6/151 HPs)
             Began as an Octopode Berserker on Sept 27, 2018.
             Was the Champion of Trog.
             Mangled by an orc knight
             ... wielding a +0 battleaxe
              (25 damage)
             ... on level 2 of the Orcish Mines on Sept 28, 2018.
             The game lasted 01:07:29 (22947 turns).

Ijustatesigmund the Cleaver (Octopode Berserker)   Turns: 22947, Time: 01:07:31

Health: -6/151     AC:  1    Str: 22    XL:     14   Next: 91%
Magic:  0/6        EV: 18    Int:  8    God:    Trog [******]
Gold:   1903       SH: 21    Dex: 18    Spells: 13/13 levels left

rFire    . . .     SeeInvis +   a - +5 broad axe (antimagic)
rCold    . . .     Gourm    .   q - +2 large shield
rNeg     . . .     Faith    .   (helmet restricted)
rPois    .         Spirit   +   k - amulet of guardian spirit
rElec    .         Reflect  .   i - ring of resist corrosion
rCorr    +         Harm     .   h - ring of see invisible
MR       +....                  r - +3 ring of dexterity
Stlth    ..........             (no ring)
HPRegen  0.35/turn              (no ring)
MPRegen  0.10/turn              (no ring)
                                (no ring)
                                (no ring)

@: berserking, very quick
A: almost no armour, stealthy swim, amphibious, 8 rings, constrict 8, camouflage
1, dopey 1, gelatinous body 1
a: Berserk, Trog's Hand, Brothers in Arms, Renounce Religion


You were on level 2 of the Orcish Mines.
You worshipped Trog.
Trog was exalted by your worship.
You were very hungry.

You visited 4 branches of the dungeon, and saw 19 of its levels.
You also visited: Sewer, Bailey and Volcano.

You collected 2026 gold pieces.
You spent 123 gold pieces at shops.

Inventory:

Hand Weapons
 a - a +5 antimagic broad axe (weapon)
 j - a +0 blowgun
 I - a +4 flail of protection
Missiles
 g - 41 tomahawks (quivered)
 m - 4 javelins
 p - 56 poisoned needles
 u - 6 javelins of returning
 y - 5 throwing nets
 O - 6 steel javelins
Armour
 q - a +2 large shield (worn)
Jewellery
 h - a ring of see invisible (right tentacle)
 i - a ring of resist corrosion (left tentacle)
 k - an amulet of guardian spirit (around mantle)
 r - a +3 ring of dexterity (on tentacle)
Wands
 t - a wand of flame (43)
 v - a wand of polymorph (33)
 A - a wand of random effects (24)
 B - a wand of acid (14)
 G - a wand of iceblast (3)
 L - a wand of disintegration (10)
Scrolls
 e - a scroll of magic mapping
 s - 3 scrolls of fog
 x - 4 scrolls of teleportation
 J - 2 scrolls of immolation
 K - 3 scrolls of remove curse
 M - 2 scrolls of blinking
 P - a scroll of enchant armour
 Q - a scroll of fear
Potions
 c - a potion of cancellation
 d - 6 potions of flight
 f - a potion of lignification
 l - 12 potions of curing
 n - 3 potions of haste
 o - 3 potions of might
 z - 3 potions of brilliance
 C - 3 potions of heal wounds
 D - 3 potions of magic
 F - 2 potions of resistance
 H - 2 potions of invisibility
 N - a potion of agility {unknown}
 S - a potion of ambrosia
Comestibles
 b - 11 rations
 w - 4 chunks of flesh


   Skills:
 + Level 11.5 Fighting
 + Level 13.1 Axes
 - Level 9.3 Dodging
 - Level 9.0 Stealth
 - Level 12.2 Shields
 - Level 8.3 Evocations


You had 13 spell levels left.
You didn't know any spells.
Your spell library was empty.

Dungeon Overview and Level Annotations

Branches:
Dungeon (12/15)            Temple (1/1) D:7            Lair (4/6) D:9
 Shoals (0/4) Lair:3        Snake (0/4) Lair:2          Orc (2/2) D:11
    Elf (0/3) Orc:2

Altars:
Ashenzari
Cheibriados
Kikubaaqudgha
Makhleb
Nemelex Xobeh
Okawaru
Sif Muna
Trog
Uskayaw
The Shining One

Shops:
D:6 %   D:7 :   D:10 }   Orc:2 *!(!


Innate Abilities, Weirdness & Mutations

You cannot wear most types of armour.
You are very stealthy in the water. (Stealth+)
You are amphibious.
You can wear up to eight rings at the same time.
You can use your tentacles to constrict eight enemies at once.
Your skin changes colour to match your surroundings (Stealth+).
Your rubbery body absorbs attacks. (AC +1, EV +1)
You are dopey. (Int -2)


Message History

You block the orc knight's attack.
You slash the orc knight! You grab the orc knight.
The orc knight is moderately wounded.
You hit the orc knight but do no damage.
You barely miss the orc warrior. You constrict the orc knight. x2
You block the orc warrior's attack. The orc warrior barely misses you.
You hit the orc knight. You squeeze the orc knight!
The orc knight is heavily wounded.
You slash the orc knight! You slash the orc warrior!
You constrict the orc knight, but do no damage. x2
You block the orc knight's attack.
The orc knight hits you with a war axe!!!
* * * LOW HITPOINT WARNING * * *
You slash the orc knight! You squeeze the orc knight!
The orc knight is severely wounded.
You hit the orc knight but do no damage.
You hit the orc warrior. You constrict the orc knight. x2
You block the orc warrior's attack. x2
The orc knight hits you with a battleaxe!!
You die...

.............................,,,,
.............................,,,,
.............######..#######.**#,
...))........#∩...#..# *.# #.
.............#...)#..#######.###.
...).........#.)))#..............
.............###'##..###.###.....
.....................# #.# #..8..
.............###@###.# #.# #.....
.............#.oooo#.###.###.###'
#............#...oo#.........#..,
.............#.....#.###.###.#,,,
.............#∩....#.# #.# #.#,,_
.............#######.###.###.####
.................................
.................................
.............####################


You could see 2 orc knights, 2 orc warriors and 2 orcs.

Vanquished Creatures
  Harold (D:8)
  The ghost of Merlin the Cleaver, a novice MiFi of Makhleb (D:11)
  5 two-headed ogres
  An orc high priest (Orc:1)
  Urug (D:11)
  Nergalle (D:11)
  2 lindwurms (Volcano)
  8 orc knights
  A deep elf mage (D:8)
  2 cyclopes
  3 orc sorcerers
  4 elephants
  A black mamba (Lair:2)
  A merfolk siren (Lair:3)
  4 molten gargoyles (Volcano)
  7 spiny frogs
  3 efreet (Volcano)
  4 komodo dragons
  A hornet (D:8)
  3 merfolk (Lair:3)
  2 trolls
  4 hippogriffs
  18 blink frogs
  3 fire elementals (Volcano)
  A wraith (D:11)
  A yak (D:9)
  Grum (D:11)
  2 wyverns
  A basilisk (D:9)
  A hungry ghost (D:9)
  Menkaure (D:6)
  Edmund (D:6)
  2 soldier ants (D:10)
  An acid dragon (D:11)
  5 wargs
  Duvessa (D:7)
  7 water moccasins
  A porcupine (Lair:1)
  Purgy (Sewer)
  36 orc warriors
  A sky beast (D:11)
  4 ogres
  A phantom (D:10)
  2 necrophages (D:10)
  3 wolves (D:11)
  11 centaurs
  6 crocodiles
  3 big kobolds
  14 bullfrogs
  An earth elemental (Volcano)
  Dowan (D:7)
  4 scorpions
  A wyvern skeleton (D:11)
  15 killer bees
  4 wights (D:7)
  3 electric eels
  3 howler monkeys (D:7)
  4 crimson imps
  A bullfrog zombie (D:7)
  2 centaur zombies
  7 hounds
  Crazy Yiuf (D:6)
  3 jellies
  12 orc priests
  2 centaur skeletons (D:7)
  5 bullfrog skeletons
  4 iguanas
  7 orc wizards
  11 worker ants
  A hound skeleton (D:10)
  A mummy (D:5)
  A worker ant zombie (D:11)
  20 gnolls
  17 adders
  3 river rats (D:5)
  3 shadow imps
  2 oozes
  2 adder skeletons
  An adder zombie (D:6)
  4 worms
  2 dart slugs
  5 leopard geckos
  71 orcs
  12 bats
  6 giant cockroaches
  11 goblins
  22 hobgoblins
  13 jackals
  27 kobolds
  7 quokkas
  5 ball pythons
  11 frilled lizards
  A leopard gecko skeleton (D:4)
  A quokka zombie (D:7)
  8 rats
  3 fire vortices (Volcano)
  A fungus (Lair:4)
  A plant (Lair:4)
542 creatures vanquished.

Vanquished Creatures (collateral kills)
  An earth elemental (Volcano)
1 creature vanquished.

Vanquished Creatures (others)
  4 fungi
  A plant (Lair:2)
5 creatures vanquished.

Grand Total: 548 creatures vanquished

Notes
Turn   | Place    | Note
-------+----------+-------------------------------------------
     0 | D:1      | Ijustatesigmund the Octopode Berserker began the quest for
                  | the Orb.
     0 | D:1      | Reached XP level 1. HP: 16/16 MP: 1/1
   133 | D:1      | Reached XP level 2. HP: 19/21 MP: 2/2
   368 | D:1      | You fall through a shaft!
   501 | D:2      | Reached skill level 4 in Axes
   501 | D:2      | Reached skill level 1 in Stealth
   501 | D:2      | Reached XP level 3. HP: 26/26 MP: 3/3
   522 | D:2      | Reached ** piety under Trog
  1069 | D:1      | Reached XP level 4. HP: 31/31 MP: 4/4
  1718 | D:3      | Reached XP level 5. HP: 36/36 MP: 5/5
  1759 | D:3      | Reached *** piety under Trog
  1783 | D:3      | Reached skill level 5 in Axes
  1949 | D:3      | Found a transporter.
  2176 | D:3      | Found a transporter.
  2411 | D:4      | Reached skill level 1 in Shields
  2667 | D:4      | Noticed an ogre
  2671 | D:4      | Reached XP level 6. HP: 33/42 MP: 6/6
  2907 | D:4      | Reached XP level 7. HP: 46/46 MP: 7/7
  3007 | D:4      | Reached skill level 5 in Shields
  3021 | D:4      | Received a gift from Trog
  3304 | D:5      | Entered Level 5 of the Dungeon
  3478 | D:5      | Found a glowing drain.
  3515 | Sewer    | Entered a sewer
  3674 | Sewer    | Noticed Purgy
  3795 | Sewer    | Killed Purgy
  3795 | Sewer    | Reached **** piety under Trog
  4187 | D:5      | Reached XP level 8. HP: 52/52 MP: 8/8
  4894 | D:5      | Found a sparkling altar of Nemelex Xobeh.
  4903 | D:5      | Got a slimy whip
  4904 | D:5      | Identified the cursed +2 whip "Juovvo" {drain, rF- Int+4}
                  | (You found it on level 5 of the Dungeon)
  5094 | D:5      | Found a snail-covered altar of Cheibriados.
  5118 | D:5      | You fall through a shaft for 3 floors!
  5120 | D:8      | Noticed Harold
  5137 | D:8      | Found a flagged portal.
  5175 | Bailey   | Entered a bailey
  5503 | Bailey   | Noticed an orc knight
  5514 | Bailey   | Killed an orc knight
  5514 | Bailey   | Reached skill level 6 in Axes
  5514 | Bailey   | Reached XP level 9. HP: 57/59 MP: 9/9
  5891 | D:8      | Noticed a hornet
  5902 | D:8      | Killed a hornet
  5902 | D:8      | Reached skill level 5 in Fighting
  5962 | D:7      | Reached ***** piety under Trog
  5974 | D:7      | Reached skill level 7 in Axes
  6144 | D:6      | Noticed Menkaure
  6153 | D:6      | Killed Menkaure
  6895 | D:6      | Found a deep blue altar of Sif Muna.
  6939 | D:6      | Upgraded the game from 0.23-a0-241-g3b46b07 to
                  | 0.23-a0-242-g2b5ca64
  7138 | D:6      | Found Ciela's Food Emporium.
  7192 | D:6      | Reached XP level 10. HP: 68/68 MP: 10/10
  7201 | D:6      | Noticed Edmund
  7214 | D:6      | Killed Edmund
  7214 | D:6      | Reached skill level 10 in Shields
  7559 | D:6      | Found a runed door.
  7563 | D:6      | Noticed Crazy Yiuf
  7567 | D:6      | Killed Crazy Yiuf
  7873 | D:7      | Found a glowing golden altar of the Shining One.
  7955 | D:7      | Reached skill level 8 in Axes
  7957 | D:7      | Noticed Duvessa
  7966 | D:7      | Noticed Dowan
  7968 | D:7      | Killed Duvessa
  7968 | D:7      | Reached skill level 1 in Evocations
  7972 | D:7      | Killed Dowan
  8004 | D:7      | Found Ycloh's Book Shop.
  8092 | D:7      | Found a staircase to the Ecumenical Temple.
  8106 | Temple   | Entered the Ecumenical Temple
  8347 | D:8      | Killed Harold
  8635 | D:8      | Noticed a deep elf mage
  8644 | D:8      | Killed a deep elf mage
  8865 | D:9      | Noticed a two-headed ogre
  8871 | D:9      | Killed a two-headed ogre
  8871 | D:9      | Reached XP level 11. HP: 77/77 MP: 12/14
  8912 | D:9      | Reached skill level 9 in Axes
  9142 | D:9      | Reached skill level 5 in Dodging
  9458 | D:9      | Found a staircase to the Lair.
  9460 | D:9      | Reached skill level 5 in Evocations
  9589 | D:9      | Noticed a two-headed ogre
  9787 | D:9      | Killed a two-headed ogre
  9993 | D:9      | Found an iron altar of Okawaru.
  9994 | D:9      | Found a bloodstained altar of Trog.
 10208 | D:10     | Entered Level 10 of the Dungeon
 10298 | D:10     | Reached skill level 5 in Stealth
 10477 | D:10     | Found Xakhlomn's Gadget Emporium.
 10538 | D:10     | Noticed a two-headed ogre
 10548 | D:10     | Killed a two-headed ogre
 11006 | D:10     | Reached skill level 10 in Axes
 11370 | D:11     | Noticed Grum
 11390 | D:11     | Killed Grum
 11724 | D:11     | Found a staircase to the Orcish Mines.
 11731 | D:11     | Noticed Urug
 11733 | D:11     | Received a gift from Trog
 12064 | D:11     | Killed Urug
 12116 | D:11     | Noticed Merlin's ghost (novice MiFi)
 12119 | D:11     | Found a runed door.
 12140 | D:11     | Killed Merlin's ghost
 12273 | D:11     | Reached XP level 12. HP: 84/84 MP: 12/16
 12839 | D:11     | Reached ****** piety under Trog
 12846 | D:11     | Reached skill level 11 in Axes
 12929 | D:11     | Noticed Nergalle
 12937 | D:11     | Killed Nergalle
 13131 | Lair:1   | Entered Level 1 of the Lair of Beasts
 13543 | Lair:1   | Found a dark tunnel.
 13556 | Volcano  | Entered a volcano
 14349 | Volcano  | Received a gift from Trog
 14398 | Volcano  | HP: 4/87 [something (25)]
 15430 | Lair:2   | Found a staircase to the Snake Pit.
 15497 | Lair:2   | Reached skill level 10 in Fighting
 15509 | Lair:2   | Reached skill level 12 in Axes
 15747 | Lair:2   | Reached XP level 13. HP: 46/92 MP: 5/19
 17002 | Lair:3   | Found a staircase to the Shoals.
 18738 | Orc:1    | Entered Level 1 of the Orcish Mines
 19268 | Orc:1    | Reached XP level 14. HP: 99/99 MP: 20/20
 19296 | Orc:2    | Entered Level 2 of the Orcish Mines
 19370 | Orc:1    | Received a gift from Trog
 20978 | Orc:2    | Gained mutation: You are dopey. (Int -2) [a neqoxec]
 21533 | Orc:2    | Found a staircase to the Elven Halls.
 22001 | Orc:2    | Received a gift from Trog
 22007 | Orc:2    | Found Tatyd's Weapon Boutique.
 22007 | Orc:2    | Found Kafimodi's Distillery.
 22020 | Orc:2    | Bought a potion of heal wounds for 90 gold pieces
 22216 | Orc:2    | Reached skill level 13 in Axes
 22735 | Orc:2    | Found Wesikked's Assorted Antiques.
 22908 | Orc:2    | Bought a scroll labeled CABRIUPNUM for 33 gold pieces
 22911 | Orc:2    | Got a fine shield
 22922 | Orc:2    | Identified the -2 shield "Qesur" {rF++ rN+ Int+2 Stlth-}
                  | (You acquired it on level 2 of the Orcish Mines)
 22937 | Orc:2    | Found Vacesm's Distillery.
 22947 | Orc:2    | Mangled by an orc knight

Vault maps used:
D:1:      lightli_arrival_noodles
D:3:      gammafunk_steamed_eel, first_ration
D:5:      slow_altar_2, lightli_sewer_entry_pipes, serial_corexii_hall,
          corexii_hall_statues_x, corexii_hall_statues_i, serial_bayou_pond_b,
          nemelex_dance_club_becter
D:6:      serial_shops, shop, basic_altar, uniq_edmund, uniq_menkaure,
          uniq_crazy_yiuf_cottage
D:7:      marbit_many_paths, serial_shops, kennysheep_mini_moat, uniq_duvessa
D:8:      enter_bailey_3, uniq_harold
D:9:      grunt_temple_overflow_bloody_war, david_lair_generic
D:10:     serial_shops, shop, hangedman_pestilent_swarm
D:11:     orc_0_dummy, hellmonk_ghost_happy_afterlife, uniq_nergalle, uniq_grum,
          uniq_urug
D:12:     uniq_psyche
Temple:   hc_temple_tempest_star
Lair:1:   nicolae_volcano_entry_s_turn
Lair:2:   dummy_snake_entry
Lair:3:   elwin_shoals_entry_stream, cheibrodos_lair_caveside_slide
Lair:4:   serial_forest, infiniplex_forest_end_double,
          infiniplex_forest_straight_5, infiniplex_forest_zigzag_1,
          infiniplex_forest_lined_room_2, infiniplex_forest_end_2,
          infiniplex_forest_lined_3, infiniplex_forest_clump_long,
          infiniplex_forest_straight_2, infiniplex_forest_end_3
Orc:2:    st_orc_town
Sewer:    sewer_co_purgy_island
Bailey:   bailey_axe_2, bailey
Volcano:  volcano_aerie

Skill      XL: |  1  2  3  4  5  6  7  8  9 10 11 12 13 14 |
---------------+-------------------------------------------+-----
Axes           | 4 5 6 7 8 10 12 13 | 13.1
Stealth        | 1 2 3 4 8 9 |  9.0
Shields        | 2 4 6 9 10 12 | 12.2
Fighting       | 4 6 7 8 10 11 | 11.5
Evocations     | 4 5 8 |  8.3
Dodging        | 4 5 9 |  9.3

Action                   |  1- 3 |  4- 6 |  7- 9 | 10-12 | 13-15 || total
-------------------------+-------+-------+-------+-------+-------++-------
Melee: Hand axe          |    60 |   117 |   247 |       |       ||   424
       Constrict         |    16 |    30 |    68 |    92 |    71 ||   277
       Tentacles         |    11 |    31 |    80 |   150 |    99 ||   371
       War axe           |       |       |    56 |   496 |   128 ||   680
       Broad axe         |       |       |       |       |   201 ||   201
 Fire: Blowgun           |       |       |    24 |       |       ||    24
Throw: Tomahawk          |       |     2 |     1 |    16 |     1 ||    20
Invok: Berserk           |     1 |     1 |    15 |    20 |    12 ||    49
       Trog's Hand       |       |       |     3 |     5 |       ||     8
       Brothers in Arms  |       |       |       |     1 |       ||     1
Evoke: Wand              |       |       |     6 |    26 |    12 ||    44
  Use: Scroll            |     2 |     7 |     6 |    10 |    10 ||    35
       Potion            |       |       |     2 |     7 |     2 ||    11
 Stab: Sleeping          |     8 |    15 |    14 |    16 |    15 ||    68
       Distracted        |       |       |     2 |     4 |     4 ||    10
  Eat: Chunk             |     1 |     4 |    21 |    23 |    21 ||    70
       Ration            |       |     1 |     2 |     8 |     4 ||    15
Armor: Skin              |     8 |     5 |     9 |     6 |     2 ||    30
Dodge: Dodged            |    46 |    59 |    94 |   128 |    86 ||   413
Block: Large shield      |       |    12 |   278 |   367 |   276 ||   933

Table legend:
 A = Non-vault XP
 B = Vault XP
 C = Vault XP percentage of total XP
 D = Non-vault monster count
 E = Vault monster count
 F = Vault count percentage of total count
                 A         B        C        D         E       F
            +---------+---------+-------+---------+---------+-------
      Total |   35027 |   21406 |  37.9 |     384 |     154 |  28.6
            +---------+---------+-------+---------+---------+-------
        D:1 |      44 |       0 |   0.0 |      27 |       0 |   0.0
        D:2 |     107 |       0 |   0.0 |      25 |       0 |   0.0
        D:3 |     108 |     113 |  51.1 |      27 |       2 |   6.9
        D:4 |     760 |       0 |   0.0 |      20 |       0 |   0.0
        D:5 |     401 |     303 |  43.0 |      12 |      16 |  57.1
        D:6 |     362 |     378 |  51.1 |      12 |       3 |  20.0
        D:7 |    1470 |     348 |  19.1 |      28 |       3 |   9.7
        D:8 |    1860 |    1063 |  36.4 |      21 |       5 |  19.2
        D:9 |    3246 |    1116 |  25.6 |      28 |       5 |  15.2
       D:10 |    2148 |     363 |  14.5 |      20 |       4 |  16.7
       D:11 |    1880 |    3043 |  61.8 |      43 |       7 |  14.0
       D:12 |     329 |       0 |   0.0 |       7 |       0 |   0.0
     Lair:1 |    3566 |       0 |   0.0 |      16 |       0 |   0.0
     Lair:2 |    3759 |       0 |   0.0 |      13 |       0 |   0.0
     Lair:3 |    2651 |    1379 |  34.2 |      11 |       4 |  26.7
     Lair:4 |    4211 |       0 |   0.0 |      17 |       0 |   0.0
      Orc:1 |    4988 |    4161 |  45.5 |      24 |      21 |  46.7
      Orc:2 |    3137 |    3441 |  52.3 |      33 |      28 |  45.9
      Sewer |       0 |     147 | 100.0 |       0 |       8 | 100.0
     Bailey |       0 |     852 | 100.0 |       0 |      34 | 100.0
    Volcano |       0 |    4699 | 100.0 |       0 |      14 | 100.0
            +---------+---------+-------+---------+---------+-------
